[Event "*** Titled Tuesday Blitz"]
[Site "Chess.com"]
[Date "2018.08.07"]
[Round "8"]
[White "AndrewDGreen"]
[Black "TijanaBlagojevic"]
[Result "0-1"]
[WhiteElo "2188"]
[BlackElo "2382"]
[TimeControl "180+2"]
[EndTime "14:48:22 PDT"]
[Termination "TijanaBlagojevic won on time"]

1. d4 f5 2. Bg5 d5 3. e3 Nd7 4.
c4 c6 5. cxd5 cxd5 6. Nc3 Ngf6 7. Bd3 e6 8. Rc1 a6 9. Nge2 Bd6 10. Bf4 Bxf4 11. Nxf4 Nb8 12. Qa4+ Nc6 13. O-O g5 14.
Nfe2 O-O 15. f3 Bd7 16. Qd1 Rc8 17. Na4 e5 18. dxe5 Nxe5 19. Nc5 Nxd3 20. Qxd3 Bb5 21.
Qd2 Qe7 22. b4 b6 23. Nb3 Rce8 24. Rfe1 Qxe3+ 25. Qxe3 Rxe3 26. Ned4 f4 27. Nf5 Rxe1+ 28.
Rxe1 Kf7 29. Nd6+ Kg6 30. Nxb5 axb5 31. Nd4 Ra8 32. Re2 Ra4 33. Nc6 d4 34. Rd2 Nd5 35.
Rxd4 Nc3 36. Rd6+ Kf5 37. Nd4+ Ke5 38. Rxb6 Kxd4 0-1

[Event "*** Titled Tuesday Blitz"]
[Site "Chess.com"]
[Date "2018.08.07"]
[Round "8"]
[White "dmosesov"]
[Black "ChrisTool2"]
[Result "0-1"]
[WhiteElo "2266"]
[BlackElo "2262"]
[TimeControl "180+2"]
[EndTime "14:48:29 PDT"]
[Termination "ChrisTool2 won by checkmate"]

1. e4 e6 2. d4 d5 3. Nd2 Nf6 4.
e5 Nfd7 5. Bd3 c5 6. c3 Nc6 7.
Ne2 cxd4 8. cxd4 f6 9. exf6 Nxf6 10. O-O Bd6 11. Nf3 Qc7 12. h3 O-O 13. Be3 Bd7 14.
Rc1 Be8 15. Qc2 Qe7 16. a3 Bh5 17. Ng5 h6 18. Nh7 Bxe2 19. Nxf6+ Rxf6 20. Qxe2 e5 21. dxe5 Nxe5 22. Rfd1 Raf8 23. Bxa7 Qf7 24. Bb1 Nc4 25. Ba2 Re6 26. Qc2 Qf4 27. Rxd5 Qh2+ 28. Kf1 Qh1# 0-1

[Event "*** Titled Tuesday Blitz"]
[Site "Chess.com"]
[Date "2018.08.07"]
[Round "8"]
[White "morphy1984"]
[Black "JSMastropiero"]
[Result "0-1"]
[WhiteElo "2486"]
[BlackElo "2337"]
[TimeControl "180+2"]
[EndTime "14:48:33 PDT"]
[Termination "JSMastropiero won by resignation"]

1. e4 e5 2. Nf3 Nc6 3. d4 exd4 4. Nxd4 Bb4+ 5. c3 Bc5 6. Be3 Bb6 7. Nf5 g6 8. Bxb6 axb6 9. Ne3 Nf6 10. f3 O-O 11. c4 d5 12. cxd5 Nxe4 13. fxe4 Qh4+ 14. Kd2 Qxe4 15. Nc3 Qd4+ 16. Bd3 Nb4 17. Qe2 Re8 18. a3 Bg4 19. Qxg4 Qxe3+ 20. Kd1 Nxd3 21. Kc2 Nf2 22. Qc4 Nxh1 23. Rxh1 Qf2+ 24. Kb3 Qc5 25. Qf4 Qe3 26.
Qxc7 Rac8 27. Qxb7 Qc5 28. Ka2 b5 29. Rf1 Qc4+ 0-1

[Event "*** Titled Tuesday Blitz"]
[Site "Chess.com"]
[Date "2018.08.07"]
[Round "8"]
[White "LittlePeasant"]
[Black "ahmadzada13"]
[Result "0-1"]
[WhiteElo "2774"]
[BlackElo "2661"]
[TimeControl "180+2"]
[EndTime "14:48:39 PDT"]
[Termination "ahmadzada13 won by resignation"]

1. Nf3 c5 2. b3 Nc6 3. Bb2 d6 4. c4 e5 5. e3 Nf6 6. d4 cxd4 7. exd4 e4 8. Nfd2 d5 9. Nc3 Bg4 10. Be2 Bxe2 11. Nxe2 Nb4 12. O-O Nd3 13. Bc3 Bd6 14.
h3 O-O 15. cxd5 Nf4 16. Nxf4 Bxf4 17. Re1 Nxd5 18. Nxe4 f5 19. Nc5 Nxc3 20. Qf3 Bd2 21. Ne6 Qd5 22. Qxd5 Nxd5 23. Re5 Rfe8 24. Rd1 Bb4 25. f4 g6 26. g3 Bd6 27. Ree1 Nc3 28. Rc1 Ne4 29. Nc7 Bxc7 30. Rxc7 Nxg3 31. Rxe8+ Rxe8 32.
Rxb7 Ne2+ 33. Kh2 Nxd4 34. Rxa7 Re2+ 35. Kg3 Re3+ 36. Kg2 Ne6 37. b4 Nxf4+ 38. Kf2 Rxh3 39. b5 Nd5 40. a4 Ra3 41. a5 Ra2+ 42. Kg1 f4 43. b6 f3 44. b7 f2+ 45. Kg2 Ne3+ 46.
Kg3 Rb2 47. b8=Q+ Rxb8 48. Kxf2 Nd5 49. a6 Nb4 50. Rb7 Rxb7 51. axb7 Nc6 52. Ke3 g5 53. Ke4 g4 54. Kd5 Nb8 55. Kd6 g3 56. Kc7 g2 57.
Kxb8 g1=Q 58. Ka8 Qa1+ 0-1

[Event "*** Titled Tuesday Blitz"]
[Site "Chess.com"]
[Date "2018.08.07"]
[Round "8"]
[White "epccmelech"]
[Black "BillForster"]
[Result "0-1"]
[WhiteElo "1674"]
[BlackElo "1637"]
[TimeControl "180+2"]
[EndTime "14:48:46 PDT"]
[Termination "BillForster won on time"]

1. d4 d5 2. Nc3 Nf6 3. f3 g6 4. e4 Bg7 5. e5 Ng8 6. f4 h5 7. Be3 Bf5 8. Nf3 e6 9. Qd2 Nd7 10. O-O-O Nh6 11. h3 Ng8 12. Rg1 h4 13. Bf2 Bf8 14.
g3 hxg3 15. Rxg3 Be7 16. Bg2 c6 17. Ne2 Qb6 18. Nfg1 O-O-O 19. Rb3 Qc7 20. Ng3 Nh6 21. N1e2 Kb8 22. Nc3 Ka8 23. Na4 Rc8 24. Nxf5 Nxf5 25.
Qe2 c5 26. dxc5 Nxc5 27. Nxc5 Bxc5 28. Bxc5 Qxc5 29. Rc3 Qb6 0-1

[Event "*** Titled Tuesday Blitz"]
[Site "Chess.com"]
[Date "2018.08.07"]
[Round "8"]
[White "BillieKimbah"]
[Black "ElHelvetico"]
[Result "0-1"]
[WhiteElo "2794"]
[BlackElo "2690"]
[TimeControl "180+2"]
[EndTime "14:48:49 PDT"]
[Termination "ElHelvetico won by resignation"]

1. c4 f5 2. Nc3 Nf6 3. Nf3 g6 4. d3 Bg7 5. e4 d6 6. exf5 Bxf5 7.
d4 O-O 8. Bd3 Bg4 9. Be2 Nc6 10.
O-O Bxf3 11. Bxf3 Nd7 12. Be3 e5 13. dxe5 Ndxe5 14. Be2 Kh8 15. Nd5 Ne7 16. Bg5 N5c6 17.
Qd2 Qd7 18. Rae1 Rae8 19. h3 Nxd5 20. cxd5 Nd4 21. Bg4 Qb5 22. Be7 Rf7 23. Qg5 Nf5 24. Bd8 Ref8 25. Bxf5 Rxf5 26. Qh4 Qd7 27. Bg5 Rxd5 28.
Re7 Qf5 29. Be3 Re5 30. Rxc7 Rxe3 31. Rxg7 Kxg7 32. Qd4+ Re5 33. f4 Qf6 0-1

[Event "*** Titled Tuesday Blitz"]
[Site "Chess.com"]
[Date "2018.08.07"]
[Round "8"]
[White "juniortay"]
[Black "hypert"]
[Result "0-1"]
[WhiteElo "2400"]
[BlackElo "2365"]
[TimeControl "180+2"]
[EndTime "14:48:49 PDT"]
[Termination "hypert won by resignation"]

1. e4 c5 2. Nc3 Nc6 3. f4 e6 4.
Nf3 Nge7 5. Bb5 d5 6. O-O a6 7.
Bxc6+ Nxc6 8. d3 Be7 9. Qe1 Nd4 10. Nxd4 cxd4 11. Ne2 dxe4 12. dxe4 O-O 13. Qg3 Kh8 14. Kh1 b5 15. Rd1 Bc5 16. Be3 Bb7 17. Bxd4 Bxd4 18. Rxd4 Qc7 19. c3 Rad8 20. Rad1 Bxe4 21. Qe3 Rxd4 22.
Rxd4 Bd5 23. f5 Qb7 24. Qg3 exf5 25. Nf4 Bxa2 26. Nh5 f6 27. Qd6 Re8 28. h4 Qe7 29.
Qxa6 Bc4 30. Qd6 Qxd6 31. Rxd6 Kg8 32. Rd7 Bf7 33. Nf4 Re1+ 34. Kh2 Re4 35. Kg3 g5 36. hxg5 fxg5 37. Nd3 Bc4 38. Nc5 Re3+ 39. Kf2 f4 40.
Nb7 g4 41. Rd2 g3+ 0-1

[Event "*** Titled Tuesday Blitz"]
[Site "Chess.com"]
[Date "2018.08.07"]
[Round "8"]
[White "Raja3401"]
[Black "Last7Samurai"]
[Result "1-0"]
[WhiteElo "2634"]
[BlackElo "2604"]
[TimeControl "180+2"]
[EndTime "14:48:53 PDT"]
[Termination "Raja3401 won by resignation"]

1. e4 e6 2. d4 d5 3. Nd2 Be7 4. Bd3 c5 5. dxc5 Nf6 6. Qe2 O-O 7. Ngf3 a5 8. h4 Na6 9. e5 Ne4 10. Nxe4 dxe4 11. Bxe4 g6 12. Bh6 Re8 13. c6 Nc5 14. cxb7 Bxb7 15. Bxb7 Nxb7 16. O-O Nc5 17. Bg5 Bxg5 18.
Nxg5 Qd4 19. Qe3 Qxe3 20. fxe3 Re7 21. Rad1 h6 22. Nf3 Rb8 23. b3 Ne4 24. Rd4 Nc3 25. Rc4 Nxa2 26. Ra1 Nb4 27. Rxa5 Nd5 28. Kf2 Rd7 29.
Nd4 Ne7 30. Ra6 Rd5 31. Ra7 Nf5 32. Nc6 Rd2+ 33. Ke1 Rxg2 34. Nxb8 Nxe3 35. Rc8+ Kg7 36. Rac7 g5 37. Nd7 Kg6 38. Rc3 Nd5 39. Rf3 g4 40. Rf2 Rg1+ 41. Rf1 Rg2 42. Nf6 Nxf6 43. Rxf6+ Kg7 44. Rc7 1-0

[Event "*** Titled Tuesday Blitz"]
[Site "Chess.com"]
[Date "2018.08.07"]
[Round "8"]
[White "NateSolon"]
[Black "Firouzja2003"]
[Result "0-1"]
[WhiteElo "2525"]
[BlackElo "2835"]
[TimeControl "180+2"]
[EndTime "14:48:55 PDT"]
[Termination "Firouzja2003 won by resignation"]

1. d4 Nf6 2. Bg5 c5 3. Bxf6 gxf6 4. d5 Qb6 5. Qc1 Bh6 6. e3 f5 7. c4 f4 8. exf4 Bxf4 9. Qxf4 Qxb2 10. Ne2 Qxa1 11.
Nc3 d6 12. Qd2 a6 13. Be2 b5 14. cxb5 axb5 15. Bxb5+ Bd7 16. Bc4 Rg8 17. g3 Bh3 18.
Qh6 Bf5 19. Qd2 Bh3 20. Qh6 Bg2 21. Rg1 Be4 22. Qc1 Bxb1 23. Kd2 Nd7 24. Qxb1 Qxb1 25. Rxb1 Ne5 26. Bb5+ Kf8 27. h4 Kg7 28. a4 Nf3+ 29. Ke3 Nd4 30. Kd3 Rgb8 31. Re1 e6 32. Bc4 e5 33.
Bb5 f5 34. Kc4 e4 35. Rb1 Nf3 36. Ne2 Nd2+ 0-1

[Event "*** Titled Tuesday Blitz"]
[Site "Chess.com"]
[Date "2018.08.07"]
[Round "8"]
[White "Stormeman100100"]
[Black "MarshKnight"]
[Result "1-0"]
[WhiteElo "2123"]
[BlackElo "2078"]
[TimeControl "180+2"]
[EndTime "14:49:01 PDT"]
[Termination "Stormeman100100 won by resignation"]

1. e4 e6 2. d4 d5 3. Nd2 Nc6 4. Ngf3 Nf6 5. e5 Nd7 6. Bb5 a5 7. O-O Na7 8. Bd3 c5 9. c3 Nc6 10. Re1 Be7 11. Nf1 Qb6 12. Bc2 O-O 13. Ng3 f5 14.
exf6 Nxf6 15. Ng5 cxd4 16. Nxe6 Bxe6 17. Rxe6 dxc3 18. Nf5 cxb2 19. Bxb2 Qxb2 20. Rb1 Qxa2 21. Rxb7 Rf7 22. Rxc6 Bf8 23. Rxf7 Kxf7 24. Rc7+ Kg8 25. Bb3 Qa3 26. Bxd5+ Nxd5 27. Qxd5+ Kh8 28. g3 Re8 29. Kg2 a4 30. Qf7 Rb8 31. Nxg7 Qb3 32. Ne6 Qd3 33. Nxf8 Qe4+ 34. Kh3 1-0

[Event "*** Titled Tuesday Blitz"]
[Site "Chess.com"]
[Date "2018.08.07"]
[Round "8"]
[White "luca_va99"]
[Black "hansen"]
[Result "0-1"]
[WhiteElo "2360"]
[BlackElo "2670"]
[TimeControl "180+2"]
[EndTime "14:49:02 PDT"]
[Termination "hansen won by resignation"]

1. e4 c5 2. Nf3 e6 3. c3 Nf6 4. e5 Nd5 5. d4 cxd4 6. cxd4 d6 7. exd6 Bxd6 8. Nc3 Nxc3 9. bxc3 Qc7 10. Bd2 Nd7 11. c4 b6 12. Bd3 Bb7 13. O-O O-O 14. Rc1 Nf6 15. Bc3 Bf4 16. Rc2 Rac8 17. h3 Rfd8 18. Qe2 Qd6 19. Rd1 Nd7 20. Bb2 Qb4 21. g3 Bh6 22. Bc3 Qa4 23. g4 Bf4 24. Bd2 Bxd2 25. Rdxd2 h6 26. Ne5 Nxe5 27. dxe5 Qa3 28.
Qe3 Kf8 29. f4 Rd7 30. f5 Rcd8 31. fxe6 Rxd3 32. Rxd3 Qxd3 33. Qf2 Qd1+ 34. Kh2 Qh1+ 35.
Kg3 Rd3+ 36. Kh4 g5+ 37. Kh5 Qxh3+ 0-1

[Event "*** Titled Tuesday Blitz"]
[Site "Chess.com"]
[Date "2018.08.07"]
[Round "8"]
[White "Maili15"]
[Black "Marcan2b"]
[Result "1-0"]
[WhiteElo "2272"]
[BlackElo "2296"]
[TimeControl "180+2"]
[EndTime "14:49:02 PDT"]
[Termination "Maili15 won by resignation"]

1. d4 Nf6 2. c4 e6 3. Nc3 Bb4 4. e3 O-O 5. Bd3 d5 6. cxd5 exd5 7. Ne2 Nbd7 8. O-O c5 9. a3 Bxc3 10. bxc3 b6 11. f3 Bb7 12. g4 Ne8 13. Ng3 Nd6 14. Bd2 Re8 15. Qc2 g6 16. Qc1 Rc8 17.
Qb1 Nc4 18. Bxc4 dxc4 19. Qb2 cxd4 20. exd4 Qc7 21. Qc1 Nf6 22. Bf4 Qc6 23. g5 Nd5 24.
Be5 Qa4 25. Ne4 Rcd8 26. Qd2 Qd7 27. Qf2 Qf5 28. Qh4 Rxe5 29. dxe5 Qxe5 30. Rae1 Qg7 31.
Nf6+ Nxf6 32. gxf6 Qf8 33. Qxc4 Bd5 34. Qb4 Qh6 35. Re5 Qf4 36. Qxf4 1-0

[Event "*** Titled Tuesday Blitz"]
[Site "Chess.com"]
[Date "2018.08.07"]
[Round "8"]
[White "LucaBrasi1968"]
[Black "sergeikim"]
[Result "1-0"]
[WhiteElo "2475"]
[BlackElo "2361"]
[TimeControl "180+2"]
[EndTime "14:49:35 PDT"]
[Termination "LucaBrasi1968 won by resignation"]

1. e4 e5 2. Nf3 Nc6 3. d4 exd4 4. Nxd4 Bc5 5. Be3 Qf6 6. c3 Nge7 7. Bc4 d6 8. O-O a6 9. Nxc6 Nxc6 10. Bxc5 dxc5 11.
f4 Be6 12. e5 Qe7 13. Bxe6 fxe6 14. Nd2 O-O-O 15. Qe2 Qd7 16. Ne4 Qe7 17. Qc4 Rd5 18.
Qe2 Rhd8 19. Qh5 h6 20. Rae1 c4 21. Qe2 Rd3 22. Kh1 R8d5 23. h3 Kb8 24. Rb1 g5 25.
fxg5 hxg5 26. Nf2 Rxe5 27. Qg4 Rd2 28. Ne4 Rd8 29. Rbe1 Qg7 30. Re2 Rf8 31. Rfe1 Rf4 32. Qg3 Ref5 33. Nd2 e5 34. Nf3 g4 35. Nh2 Qf7 36.
Nxg4 Rf1+ 37. Kh2 Rxe1 38. Rxe1 Rf2 39. Qxf2 Qd5 40. Qe3 e4 41. Qxe4 Qd2 42. Re2 Qd6+ 43. Kh1 Qd1+ 44. Kh2 Qd6+ 45. Ne5 Na5 46. Qd4 1-0

[Event "*** Titled Tuesday Blitz"]
[Site "Chess.com"]
[Date "2018.08.07"]
[Round "8"]
[White "Slovak_fighter2000"]
[Black "Passacaglia23"]
[Result "1/2-1/2"]
[WhiteElo "2408"]
[BlackElo "2271"]
[TimeControl "180+2"]
[EndTime "14:49:49 PDT"]
[Termination "Game drawn - insufficient material"]

1. d4 d5 2. Nf3 Nf6 3. Bf4 c5 4. e3 Nc6 5. Nbd2 Bf5 6. c3 e6 7. Bb5 Qb6 8. Qa4 Nd7 9. O-O Be7 10. c4 a6 11. cxd5 exd5 12. Bxc6 Qxc6 13. Qxc6 bxc6 14. dxc5 Bxc5 15. Rac1 Rc8 16. Nd4 Bxd4 17. exd4 O-O 18. Rfe1 Be6 19. Bd6 Rfd8 20. Ba3 Nb6 21. b3 a5 22. Bc5 Nd7 23. Be7 Re8 24. Ba3 a4 25. f3 axb3 26. axb3 Ra8 27. Ra1 Rec8 28. Rec1 c5 29. dxc5 Nxc5 30. Bxc5 Rxa1 31. Rxa1 Rxc5 32. Ra8+ Rc8 33. Rxc8+ Bxc8 34. Kf2 Kf8 35. Ke3 Ke7 36. Kd4 Kd6 37. b4 Ba6 38. Nb1 h5 39. Nc3 Bc4 40. g3 g5 41. Nd1 Be2 42. Ne3 Bxf3 43.
Nf5+ Ke6 44. Ne3 Kd6 45. b5 h4 46. gxh4 gxh4 47. Nf5+ Kc7 48. Nxh4 Be2 49. Kc5 d4 50. b6+ Kb7 51. Kxd4 Kxb6 52. Ke5 Kc7 53. Kf6 Bc4 54. Nf5 Kd7 55. h4 Bd3 56. Ng7 Bg6 57. Kg5 Ke7 58.
Kh6 Kf8 59. Ne6+ fxe6 60. Kxg6 Kg8 61. Kf6 Kh7 62. Kxe6 Kh6 63. Kf5 Kh5 64. Kf4 Kxh4 1/2-1/2

[Event "*** Titled Tuesday Blitz"]
[Site "Chess.com"]
[Date "2018.08.07"]
[Round "8"]
[White "ShadowJolteon"]
[Black "JozefKneht"]
[Result "0-1"]
[WhiteElo "2214"]
[BlackElo "2354"]
[TimeControl "180+2"]
[EndTime "14:49:50 PDT"]
[Termination "JozefKneht won on time"]

1. d4 f5 2. e4 fxe4 3. Nc3 Nf6 4.
Bg5 c6 5. f3 d5 6. fxe4 dxe4 7.
Bc4 Bg4 8. Nge2 Qa5 9. Qd2 Nbd7 10. Ng3 Nb6 11. Bb3 Nbd5 12. O-O Nxc3 13. bxc3 O-O-O 14. h3 Bd7 15. Rae1 h6 16. Bf4 Nd5 17. Be5 Qxc3 18. Qe2 e3 19. Ne4 Qa5 20. c4 Nf6 21. Qxe3 Qb6 22. c5 Qa5 23. Nc3 g5 24. Rc1 Bg7 25. d5 Rhe8 26. dxc6 bxc6 27. Rb1 Nd5 28.
Bxd5 Bxe5 29. Qxe5 Qxc5+ 30. Kh1 Qd6 31. Qxd6 exd6 32.
Bf7 Re3 33. Rb3 Rf8 34. Rfb1 Kd8 35. Bh5 Rf2 36. Bf3 d5 37. Rb8+ Ke7 38. R8b7 Kd6 39. Rc1 Bxh3 40. Kg1 Rd2 41. Rxa7 g4 42. gxh3 gxf3 43.
Ra6 d4 44. Nb5+ Kd5 45. Raxc6 Ree2 46. Rd6+ Ke4 47. Re6+ Kd3 48. Rxe2 fxe2 49. Kf2 Rd1 0-1

[Event "*** Titled Tuesday Blitz"]
[Site "Chess.com"]
[Date "2018.08.07"]
[Round "8"]
[White "penguingm1"]
[Black "oskariot"]
[Result "0-1"]
[WhiteElo "2827"]
[BlackElo "2489"]
[TimeControl "180+2"]
[EndTime "14:49:55 PDT"]
[Termination "oskariot won by checkmate"]

1. d4 g6 2. c4 Bg7 3. Nc3 c5 4. d5 Bxc3+ 5. bxc3 f5 6. h4 Nf6 7. h5 Nxh5 8. Rxh5 gxh5 9. e4 d6 10. Qxh5+ Kd7 11. Qxf5+ Kc7 12. Qh5 Nd7 13. Nf3 Qe8 14. Qh4 Qg6 15. Bf4 Qxe4+ 16. Kd2 Qg6 17. Qxe7 Qf6 18. Qe3 b6 19. Ng5 Ne5 20. Ne4 Qg7 21.
Re1 Re8 22. Kc1 Bf5 23. Kd2 Nxc4+ 24. Bxc4 Rxe4 25. Qxe4 Bxe4 26. Rxe4 Qf7 27. Bg3 Re8 28. Rf4 Qg7 29. Bd3 Re5 30. c4 Re7 31. Kc2 Rf7 32.
Re4 Re7 33. Rh4 a6 34. a4 Qa1 35. Kb3 Qd1+ 36. Bc2 Qd2 37. Rh6 Re2 38. Rxh7+ Kd8 39. Bh4+ Ke8 40. Bg6+ Kf8 41. Bf6 Qa2+ 42. Kc3 Qa3# 0-1

[Event "*** Titled Tuesday Blitz"]
[Site "Chess.com"]
[Date "2018.08.07"]
[Round "8"]
[White "gkchesstiger"]
[Black "m3alam"]
[Result "0-1"]
[WhiteElo "2741"]
[BlackElo "2221"]
[TimeControl "180+2"]
[EndTime "14:49:55 PDT"]
[Termination "m3alam won by resignation"]

1. d4 d5 2. Bf4 Nf6 3. e3 c6 4. c4 Bf5 5. Nc3 e6 6. Qb3 Qc8 7. h3 Be7 8. Nf3 O-O 9. Be2 Ne4 10. O-O Nd7 11. Rfc1 a5 12. c5 Re8 13. Na4 h5 14.
Bh2 g5 15. Ne5 g4 16. hxg4 hxg4 17. Nxg4 Bh4 18. Rf1 Bxg4 19. Bxg4 Nd2 20. Qc2 Nxf1 21. Rxf1 f5 22. Bh3 Qd8 23. f3 Qf6 24. Qb3 Qh6 25.
Bd6 Nf6 26. Nb6 Rad8 27. Bc7 Kh8 28. Bxd8 Rxd8 29. Na4 Rg8 30. Qd3 f4 31. exf4 Nh5 32.
Kh1 Nxf4 33. Qe3 Rxg2 34. Nc3 Bg5 35. Qe5+ Bf6 36. Qb8+ Kh7 37. Qc7+ Bg7 38. Qxf4 Qxh3+ 0-1

[Event "*** Titled Tuesday Blitz"]
[Site "Chess.com"]
[Date "2018.08.07"]
[Round "8"]
[White "rikyshi"]
[Black "Karina_Oparina"]
[Result "0-1"]
[WhiteElo "2186"]
[BlackElo "2145"]
[TimeControl "180+2"]
[EndTime "14:50:06 PDT"]
[Termination "Karina_Oparina won by resignation"]

1. d4 Nf6 2. c4 e6 3. Nc3 Bb4 4. Qc2 c5 5. dxc5 Bxc5 6. Nf3 Qc7 7. g3 a6 8. Bg2 Be7 9. b3 d5 10. cxd5 Nxd5 11. Bd2 O-O 12. Rc1 Nxc3 13. Qxc3 Qxc3 14. Bxc3 Nc6 15. e3 Nb4 16. Bxb4 Bxb4+ 17. Ke2 Bd7 18.
Nd4 Bc8 19. f4 f6 20. Rc4 Bd6 21. Rd1 Be7 22. Kf2 e5 23. Nf3 exf4 24. gxf4 Rd8 25.
Rxd8+ Bxd8 26. Nd4 Rb8 27. e4 Bd7 28. e5 fxe5 29.
fxe5 Bb6 30. Bd5+ Kf8 31. e6 Bb5 32. Rb4 Bc5 33. a4 Bxb4 34. axb5 Bc5 35. Ke3 Bxd4+ 36. Kxd4 axb5 37. Kc5 Ke7 38. Kxb5 Kd6 39. Bc4 Rf8 40. Kb6 Rf2 41. Kxb7 Rxh2 42. Kc8 Ke7 43. Kc7 Rb2 44. Kc6 h5 45. Kd5 g5 0-1

[Event "*** Titled Tuesday Blitz"]
[Site "Chess.com"]
[Date "2018.08.07"]
[Round "8"]
[White "Mr_Penings"]
[Black "Abrito99"]
[Result "1-0"]
[WhiteElo "2517"]
[BlackElo "2499"]
[TimeControl "180+2"]
[EndTime "14:50:11 PDT"]
[Termination "Mr_Penings won by checkmate"]

1. c4 Nf6 2. Nc3 g6 3. e4 d6 4. g3 Bg7 5. Bg2 O-O 6. Nge2 c5 7. O-O Nc6 8. d3 Rb8 9. h3 a6 10. a4 Ne8 11. Be3 Nc7 12. d4 cxd4 13. Nxd4 Ne6 14. Nde2 Qa5 15. Rc1 Nc5 16. f4 Qb4 17. Nd5 Qxa4 18.
Qxa4 Nxa4 19. b3 Nc5 20. Rb1 Nd3 21. Nb6 Ndb4 22. Rfd1 Be6 23. g4 Nc2 24. Bc1 N2d4 25. Nc3 Nf3+ 26. Bxf3 Bxc3 27. Be3 f5 28. exf5 gxf5 29.
g5 Rbd8 30. h4 Bf7 31. h5 e5 32. Kf2 e4 33. Be2 Nb4 34. Rg1 Kg7 35. g6 hxg6 36.
hxg6 Be6 37. Na4 Bf6 38. Rg2 Bh4+ 39. Kf1 Nc2 40. Bb6 Rh8 41. Bd1 Nb4 42. Bxd8 Bxd8 43. Kg1 Bf6 44. Rh2 Bd4+ 45. Kh1 Rb8 46. Nb2 b5 47.
Be2 Na2 48. Rd1 Bxb2 49. Rxd6 Bc8 50. Rh7+ Kg8 51. Rd8# 1-0

[Event "*** Titled Tuesday Blitz"]
[Site "Chess.com"]
[Date "2018.08.07"]
[Round "8"]
[White "Parhamov"]
[Black "Angry_Twin"]
[Result "0-1"]
[WhiteElo "2751"]
[BlackElo "2649"]
[TimeControl "180+2"]
[EndTime "14:50:14 PDT"]
[Termination "Angry_Twin won by resignation"]

1. Nf3 Nf6 2. c4 g6 3. Nc3 d5 4.
cxd5 Nxd5 5. Qb3 Nb6 6. d4 Bg7 7. Bf4 Be6 8. Qa3 O-O 9. e3 N8d7 10. Rd1 c6 11. Be2 Nc4 12. Qb4 b5 13. Ne4 Bd5 14. Ng3 a5 15. Qc3 Nf6 16. b3 Nd6 17. O-O a4 18. Nd2 axb3 19. axb3 Qa5 20. Qd3 Be6 21.
e4 Nd7 22. Bg5 Rfe8 23. f4 Qb4 24. e5 Nf5 25. Nxf5 Bxf5 26. Qe3 Nb6 27. g4 Nd5 28. Qf2 Bc2 29. f5 f6 30. Rc1 Ra2 31. Bh4 Qxd2 32. Bf3 Qxf2+ 33. Rxf2 Bxb3 34. Rxc6 fxe5 35. Rc5 e4 36. Bxe4 Bxd4 37. Rxd5 Bxf2+ 38. Bxf2 Rxf2 39. Rxb5 Rf4 40. Bc6 Rxg4+ 41. Kf2 Rf8 42. Rxb3 Rxf5+ 43. Ke3 Kg7 44. Bd7 Re5+ 45. Kf3 Rh4 46. Kg3 Rhe4 47. Kf3 g5 48. h3 Rf4+ 49. Kg3 h5 50. Bc6 h4+ 51. Kg2 Re2+ 52. Kg1 Rc4 53. Rb1 Rxc6 0-1

[Event "*** Titled Tuesday Blitz"]
[Site "Chess.com"]
[Date "2018.08.07"]
[Round "8"]
[White "BlackBoarder"]
[Black "eljanov"]
[Result "1/2-1/2"]
[WhiteElo "2391"]
[BlackElo "2675"]
[TimeControl "180+2"]
[EndTime "14:50:21 PDT"]
[Termination "Game drawn by agreement"]

1. e4 c6 2. Nf3 d5 3. Nc3 Nf6 4.
e5 Ne4 5. Ne2 Qb6 6. d4 e6 7.
Nfg1 f6 8. f3 Ng5 9. exf6 gxf6 10. f4 Nf7 11. Nf3 Nd7 12. c3 Be7 13. Ng3 Nf8 14. Bd3 Bd7 15. O-O O-O-O 16. Qe2 Re8 17. a4 a6 18. Be3 h5 19. h3 h4 20. Nh1 f5 21. b4 Ng6 22. Ne5 Nfxe5 23. dxe5 c5 24. Rfb1 Qc7 25. bxc5 Bxc5 26. Nf2 Bxe3 27. Qxe3 Bc6 28. Rb6 Rhg8 29. Rab1 Kd8 30. Qd4 Ne7 31. Bf1 Rg3 32. Nd3 Reg8 33. Nc5 R8g6 34. Nxb7+ Bxb7 35. Rxb7 Qxc3 36. Rb8+ Nc8 37. Qb6+ Qc7 38. Rxc8+ Kxc8 39. Qxa6+ Kd8 40. Rb7 Rxg2+ 41. Bxg2 Rxg2+ 42. Kxg2 Qc2+ 43. Kf1 Qd1+ 44. Kf2 Qd2+ 45. Kf3 Qc3+ 46. Ke2 Qc2+ 47.
Ke3 Qc1+ 48. Kf2 Qxf4+ 49. Ke2 Qxe5+ 50. Kd3 Qe4+ 51. Kc3 Qe1+ 52. Kb3 Qb1+ 53. Ka3 Qa1+ 54. Kb3 Qb1+ 55. Kc3 Qa1+ 56. Kd2 Qd4+ 57. Kc2 Qf2+ 1/2-1/2

[Event "*** Titled Tuesday Blitz"]
[Site "Chess.com"]
[Date "2018.08.07"]
[Round "8"]
[White "Titus369"]
[Black "Korchmar_Vasiliy"]
[Result "0-1"]
[WhiteElo "2318"]
[BlackElo "2627"]
[TimeControl "180+2"]
[EndTime "14:50:32 PDT"]
[Termination "Korchmar_Vasiliy won by resignation"]

1. e4 c5 2. Nf3 d6 3. d4 cxd4 4.
Nxd4 Nf6 5. Nc3 Nc6 6. h3 e5 7. Nde2 Be6 8. g4 d5 9. exd5 Nxd5 10. Bg2 Nxc3 11. Nxc3 Qxd1+ 12. Nxd1 O-O-O 13. O-O Nd4 14. Ne3 h5 15. g5 h4 16. c3 Ne2+ 17. Kh2 Be7 18. Ng4 Nxc1 19. Raxc1 Bxg5 20. Rcd1 f6 21. Ne3 b6 22. Nd5 Rd7 23. c4 Rhd8 24. b3 Rd6 25. Rd3 R8d7 26. Rfd1 f5 27. f3 Bxd5 28. Rxd5 Rxd5 29.
Rxd5 Rxd5 30. cxd5 Kd7 31. Bf1 Kd6 32. Bc4 Kc5 33.
a4 Be7 34. Kg2 Kd4 35. Kf2 Bd6 36. Ke2 g5 37. Bb5 e4 38. Bd7 f4 39. Be6 e3 40.
Bf7 Kc3 41. Be6 Kxb3 42. Bd7 Kc4 43. Bc6 Kb4 44. Bb5 a6 45. Bc6 b5 46. axb5 axb5 47. Kd3 Kc5 48. Bb7 Be5 49. Kc2 b4 50. Ba6 g4 51.
fxg4 f3 52. Kd3 e2 53. Kd2 Bc3+ 0-1

[Event "*** Titled Tuesday Blitz"]
[Site "Chess.com"]
[Date "2018.08.07"]
[Round "8"]
[White "Vuk2000"]
[Black "jk13"]
[Result "1/2-1/2"]
[WhiteElo "2674"]
[BlackElo "2544"]
[TimeControl "180+2"]
[EndTime "14:50:48 PDT"]
[Termination "Game drawn by repetition"]

1. d4 e6 2. Nf3 Nf6 3. Bg5 h6 4. Bxf6 Qxf6 5. e4 d6 6. Nc3 c6 7. Qd2 g6 8. O-O-O Bg7 9. Ng1 d5 10. f4 dxe4 11. Nxe4 Qe7 12. h4 h5 13. Nf3 b6 14. Ne5 Bb7 15. Ng5 Rf8 16. Re1 Bxe5 17. dxe5 Nd7 18. Ne4 O-O-O 19. Nd6+ Kb8 20. Bc4 Nf6 21. Rd1 Ne4 22. Qd4 c5 23. Qe3 Nxd6 24.
exd6 Rxd6 25. Qe5 Rd8 26. Rxd6 Qxd6 27. Rd1 Qxe5 28. fxe5 Rxd1+ 29. Kxd1 Bxg2 30. Bb5 Be4 31. Ke2 Kc7 32. c3 Kd8 33. Ke3 Bd5 34. c4 Bb7 35. Kf4 Ke7 36. Kg5 Be4 37. Ba6 Bd3 38. Bb5 Be2 39. Ba6 Bf3 40. Bb5 Bb7 41. a3 Ba8 42. Ba4 a5 43. Bc2 Bc6 44. Bd3 Ba4 45. Be2 Bc2 46.
Bf1 Be4 47. Be2 Bc6 48. Bd3 Bd7 49. Be2 Ba4 50. Bd3 Bb3 51. Be2 Bc2 52. Bf1 Bf5 53. Be2 f6+ 54. exf6+ Kf7 55. Bf3 Bd3 56. Bc6 Bc2 57.
Bf3 Bd3 58. Bc6 Bb1 59. Bf3 Bc2 60. Bg2 Bd3 61. Bc6 1/2-1/2

[Event "*** Titled Tuesday Blitz"]
[Site "Chess.com"]
[Date "2018.08.07"]
[Round "8"]
[White "vpantev"]
[Black "ozates"]
[Result "1-0"]
[WhiteElo "2526"]
[BlackElo "2483"]
[TimeControl "180+2"]
[EndTime "14:50:50 PDT"]
[Termination "vpantev won by resignation"]

1. d4 d5 2. Bf4 c5 3. e3 Nc6 4. c3 Nf6 5. Nd2 e6 6. Ngf3 Be7 7. Bd3 O-O 8. O-O b6 9. Ne5 Bb7 10. Qf3 Nd7 11. Qh3 g6 12. Ndf3 Ndxe5 13. dxe5 Bc8 14. Qh6 f5 15. Bb5 Bb7 16. Bxc6 Bxc6 17.
Ng5 Bxg5 18. Bxg5 Qc7 19. Bf4 Qg7 20. Qg5 Rad8 21. Rad1 Rd7 22. Rd2 b5 23. b4 a5 24.
a3 d4 25. exd4 axb4 26. axb4 c4 27. Ra1 Ra7 28. Rda2 Rxa2 29. Rxa2 Qb7 30. f3 Ra8 31. Rxa8+ Qxa8 32. Qe7 Qe8 33. Qc7 Qd7 34. Qa5 Qb7 35. Kf2 Qa8 36. Qc7 Qe8 37. Bh6 Qd7 38. Qb8+ Qe8 39.
Qd6 Bd7 40. h4 Kf7 41. Bg5 Bc6 42. Bh6 Bd7 43. d5 Qe7 44. Qxe7+ Kxe7 45. d6+ Kd8 46. Ke3 Kc8 47. Kf4 Kd8 48. Kg5 Ke8 49. Kf6 Bc8 50.
Kg7 Bd7 51. Bg5 Bc6 52. Bf6 Bd7 53. g4 fxg4 54. fxg4 Bc6 55. Kxh7 Kf7 56. Kh6 Bd7 57. h5 gxh5 58. Kxh5 Kg8 59. Kh6 Be8 60. g5 Bd7 61. g6 Be8 62. Kg5 Bd7 63. Kf4 Be8 64. Ke3 Bd7 65. Kd4 Kf8 66. Kc5 Ke8 67. Kb6 Kf8 68. Kc7 1-0